 Dungeon Crawl Stone Soup version 0.21.0-26-g889b8f6 (webtiles) character file.

1825 loralnil the Covered (level 9, -7/57 HPs)
             Began as a Gargoyle Fighter on Jan 27, 2018.
             Killed by divine providence
             ... invoked by an orc priest
              (15 damage)
             ... on level 6 of the Dungeon.
             The game lasted 00:08:02 (4418 turns).

loralnil the Covered (Gargoyle Fighter)             Turns: 4418, Time: 00:08:04

Health: -7/57      AC: 19    Str: 27    XL:     9   Next: 11%
Magic:  9/9        EV:  7    Int:  8    God:
Gold:   372        SH: 16    Dex:  9    Spells: 8/8 levels left

rFire    . . .     SeeInvis .   l - +2 whip (venom)
rCold    + . .     Gourm    .   c - +0 shield
rNeg     + . .     Faith    .   s - +0 chain mail
rPois    ∞         Spirit   .   (no helmet)
rElec    +         Reflect  +   (no cloak)
rCorr    .         Harm     .   D - +0 pair of gloves
MR       .....                  n - +0 pair of boots
Stlth    ..........             C - +5 amulet of reflection
HPRegen  0.19/turn              p - +3 ring of strength
MPRegen  0.11/turn              b - ring of protection from cold

@: no status effects
A: negative energy resistance 1, electricity resistance, unbreathing,
petrification resistance, rot immunity, AC +6
a: no special abilities


You were on level 6 of the Dungeon.
You were not hungry.

You visited 1 branch of the dungeon, and saw 6 of its levels.
You also visited: Ossuary.

You collected 372 gold pieces.

Inventory:

Hand Weapons
 a - a +0 flail
 l - a +2 whip of venom (weapon)
Armour
 c - a +0 shield (worn)
 n - a +0 pair of boots (worn)
 s - a +0 chain mail (worn)
 D - a +0 pair of gloves (worn)
Jewellery
 b - a ring of protection from cold (right hand)
 p - a +3 ring of strength (left hand)
 y - a +5 ring of dexterity
 C - a +5 amulet of reflection (around neck)
Wands
 j - a wand of polymorph (2)
 o - a wand of flame (33)
 G - a wand of paralysis (16)
 H - a wand of random effects (12)
Scrolls
 e - 2 scrolls of magic mapping {unknown}
 i - 10 scrolls of teleportation {unknown}
 k - 7 scrolls of remove curse {unknown}
 m - a scroll of amnesia {unknown}
 r - 8 scrolls of identify {unknown}
 t - 2 scrolls of enchant weapon {unknown}
 u - 2 scrolls of immolation {unknown}
 v - 2 scrolls of random uselessness {unknown}
 x - a scroll of fear {unknown}
 F - a scroll of vulnerability {unknown}
Potions
 d - a potion of might
 g - 2 potions of berserk rage {unknown}
 h - 3 potions of curing {unknown}
 q - 2 potions of haste {unknown}
 w - 2 potions of agility {unknown}
 z - 5 potions of heal wounds {unknown}
 A - 2 potions of degeneration {unknown}
 B - a potion of brilliance {unknown}
 E - a potion of lignification {unknown}
 J - a potion of mutation {unknown}
Comestibles
 f - 13 rations
 I - 5 chunks of flesh


   Skills:
 + Level 7.1 Fighting
 + Level 6.0 Maces & Flails
 + Level 7.1 Armour
 + Level 7.1 Shields


You had 8 spell levels left.
You didn't know any spells.

Dungeon Overview and Level Annotations

Branches:
Dungeon (6/15)             Temple (0/1) D:6

Altars:
Ashenzari
Cheibriados
Makhleb
Okawaru
Ru
Trog
Vehumet
Yredelemnul


Innate Abilities, Weirdness & Mutations

You are resistant to torment.
Your stone body is resilient. (AC +6)
You are immune to poison.
You resist negative energy. (rN+)
You are resistant to electric shocks. (rElec)
You can survive without breathing.
You are immune to petrification.
You are immune to rotting.


Message History

You kill the orc wizard!
You hit the orc priest.
The orc priest is poisoned.
The orc priest is lightly wounded.
The orc warrior barely misses you.
The orc priest invokes the aid of Beogh against you.
Beogh smites you!
You hit the orc priest.
The orc priest is moderately wounded.
You block the scorpion's attack.
The orc priest mumbles some strange prayers to Beogh against you.
Beogh smites you!
The orc warrior hits you from afar with a glaive!
* * * LOW HITPOINT WARNING * * *
You hit the orc priest but do no damage.
The orc priest looks as sick as possible!
The orc priest is heavily wounded.
The orc barely misses you. You block the scorpion's attack.
The orc priest invokes the aid of Beogh against you.
Beogh smites you!
You die...

#####.###
..?.....#####
............###.
.........>.....
...<........... ..
#..........# ##.#
##....o.....# ....
.......so...#.....
.......o@...#.....
.........)......_.
............#....
...........!# ...
............#
#####.......####.
.######.............
................#.#.
...................


You could see an orc warrior, a scorpion, an orc priest and an orc.

Vanquished Creatures
  An ugly thing (D:6)
  A troll (D:6)
  2 phantoms
  A black bear (D:6)
  2 bullfrogs (D:6)
  An elf zombie (Ossuary)
  A scorpion (D:5)
  A crimson imp (D:6)
  A bullfrog zombie (D:5)
  A jelly (D:6)
  A gnoll shaman (D:4)
  An orc priest (D:3)
  3 hounds
  An orc wizard (D:6)
  A bullfrog skeleton (D:4)
  Ijyb (D:2)
  A worker ant (D:4)
  A statue (D:5)
  2 big kobold zombies (Ossuary)
  A hound zombie (D:4)
  4 mummies (Ossuary)
  9 gnolls
  5 adders
  2 shadow imps
  An ooze (D:2)
  3 adder skeletons (D:4)
  A worm (D:2)
  A dart slug (D:3)
  2 leopard geckos
  18 orcs
  6 giant cockroaches
  2 goblins
  2 hobgoblins
  11 jackals
  3 kobolds
  2 quokkas
  11 bats
  A frilled lizard (D:4)
  2 hobgoblin zombies (Ossuary)
  4 jackal zombies (Ossuary)
  2 kobold zombies (Ossuary)
  A leopard gecko zombie (D:6)
  6 rats
  A rat zombie (Ossuary)
125 creatures vanquished.

Notes
Turn   | Place    | Note
-------+----------+-------------------------------------------
     0 | D:1      | loralnil the Gargoyle Fighter began the quest for the Orb.
     0 | D:1      | Reached XP level 1. HP: 14/14 MP: 1/1
   293 | D:1      | Reached XP level 2. HP: 18/19 MP: 2/2
   726 | D:2      | Reached XP level 3. HP: 24/24 MP: 3/3
   986 | D:2      | Found a sacrificial altar of Ru.
  1222 | D:2      | Reached XP level 4. HP: 29/29 MP: 4/4
  1249 | D:3      | Noticed Ijyb
  1290 | D:2      | Killed Ijyb
  1488 | D:3      | Found an iron altar of Okawaru.
  1502 | D:3      | Reached XP level 5. HP: 25/33 MP: 3/5
  1592 | D:3      | Found a bloodstained altar of Trog.
  1777 | D:3      | Found a shattered altar of Ashenzari.
  2032 | D:3      | Found a basalt altar of Yredelemnul.
  2106 | D:4      | Reached XP level 6. HP: 30/39 MP: 6/6
  2275 | D:4      | Reached skill level 5 in Fighting
  2275 | D:4      | Reached skill level 5 in Armour
  2352 | D:4      | Noticed a phantom
  2363 | D:4      | Reached skill level 5 in Shields
  2396 | D:4      | Killed a phantom
  2396 | D:4      | Reached XP level 7. HP: 36/44 MP: 7/7
  2763 | D:5      | Entered Level 5 of the Dungeon
  2886 | D:5      | Found a radiant altar of Vehumet.
  3102 | D:5      | Found a snail-covered altar of Cheibriados.
  3361 | D:5      | Found a sand-covered staircase.
  3370 | Ossuary  | Entered an ossuary
  3457 | Ossuary  | Reached XP level 8. HP: 37/51 MP: 8/8
  3878 | D:6      | Reached skill level 5 in Maces & Flails
  3892 | D:6      | Found a staircase to the Ecumenical Temple.
  3964 | D:6      | Noticed a purple ugly thing
  3992 | D:6      | Killed a purple ugly thing
  4285 | D:6      | Noticed a troll
  4300 | D:6      | Killed a troll
  4300 | D:6      | Reached XP level 9. HP: 37/57 MP: 9/9
  4407 | D:6      | Found a burning altar of Makhleb.
  4418 | D:6      | Killed from afar by an orc priest

Skill      XL: |  1  2  3  4  5  6  7  8  9 |
---------------+----------------------------+-----
Fighting       | 4 5 7 |  7.1
Armour         | 4 5 7 |  7.1
Shields        | 4 5 6 7 |  7.1
Maces & Flails | 3 4 5 6 |  6.0

Action                   |  1- 3 |  4- 6 |  7- 9 || total
-------------------------+-------+-------+-------++-------
Melee: Flail             |    29 |       |       ||    29
       Whip              |    70 |   197 |   264 ||   531
       Unarmed           |       |    12 |       ||    12
  Eat: Chunk             |     1 |     4 |     4 ||     9
       Ration            |       |       |     1 ||     1
Armor: Scale mail        |    33 |       |       ||    33
       Chain mail        |    18 |    83 |   193 ||   294
       Skin              |       |    12 |       ||    12
Dodge: Dodged            |    23 |    48 |    72 ||   143
Block: Shield            |    48 |   116 |   249 ||   413
